 Dungeon Crawl Stone Soup version 0.29-a0-876-gfc89b1a5bd (webtiles) character file.

Game seed: 15025242954297130971

2 buhh the Shield-Bearer (level 1, 0/19 HPs)
             Began as a Meteoran Fighter on July 19, 2022.
             Killed from afar by a dart slug (6 damage)
             ... with a slug dart
             ... on level 1 of the Dungeon.
             The game lasted 00:01:15 (125 turns).

buhh the Shield-Bearer (Meteoran Fighter)            Turns: 125, Time: 00:01:16

Health: 0/19       AC:  6    Str: 17    XL:     1   Next: 57%
Magic:  2/2        EV:  9    Int:  9    God:
Gold:   22         SH:  5    Dex: 13    Spells: 0/0 levels left

rFire   . . .      SeeInvis .   a - +0 war axe
rCold   . . .      Faith    .   c - +0 buckler
rNeg    . . .      Spirit   .   b - +0 scale mail
rPois   .          Reflect  .   (no helmet)
rElec   .          Harm     .   (no cloak)
rCorr   .          Rampage  .   (no gloves)
Will    .....                   (no boots)
Stlth   ..........              (no amulet)
HPRegen 0.06/turn               (no ring)
MPRegen 0.08/turn               (no ring)

@: glowing
A: sense surroundings 1, otherworldly, glowing, explore regen
a: no special abilities


You were on level 1 of the Dungeon.
You visited 1 branch of the dungeon, and saw 2 of its levels.

You collected 22 gold pieces.

Inventory:

Hand Weapons
 a - a +0 war axe (weapon)
Armour
 b - a +0 scale mail (worn)
 c - a +0 buckler (worn)
Jewellery
 d - a ring of willpower
Potions
 m - a potion of might


   Skills:
 - Level 3.2 Fighting
 + Level 2.8 Axes
 - Level 3.6 Armour
 - Level 3.6 Shields


You couldn't memorise any spells.
You didn't know any spells.
Your spell library was empty.

Dungeon Overview and Level Annotations

Branches:
Dungeon (2/15) Zot: 1065

Altars:


Innate Abilities, Weirdness & Mutations

You passively map a small area around you.
You are easily found by Zot.
You glow in the dark.
You regain HP and MP as you explore.


Message History

The dart slug launches a dart at you. The slug dart hits you.
You block the rat's attack. The dart slug launches a dart at you.
The slug dart hits you.
You hit the rat.
The rat is moderately wounded.
The rat bites you but does no damage. The dart slug launches a dart at you.
The slug dart hits you but does no damage.
The rat bites you but does no damage.
You slash the rat!
You kill the rat!
The dart slug launches a dart at you. The slug dart hits you.
You are too injured to fight recklessly!
You are too injured to fight recklessly!
A rat comes into view.
You barely miss the dart slug. The dart slug barely misses you.
You hit the dart slug but do no damage. The dart slug launches a dart at you.
The slug dart hits you.
You hit the dart slug but do no damage. The dart slug barely misses you.
You hit the dart slug.
The dart slug is lightly wounded.
The dart slug launches a dart at you.
The slug dart hits you but does no damage.
You slash the dart slug!
The dart slug is severely wounded.
You barely miss the rat. The rat bites you but does no damage.
You block the dart slug's attack. The rat bites you but does no damage.
You hit the dart slug.
The dart slug is severely wounded.
You barely miss the rat. The rat closely misses you. The dart slug bites you.
You completely miss the dart slug.
The dart slug is severely wounded.
You hit the rat. The rat barely misses you.
The dart slug launches a dart at you. The slug dart hits you.
You die...

#....##.#.#..######
#.#..#.....
#######.#,#.... ..
..#..'.....
#.#,#...# ..
,#..'..... #.#, ...#
.# , #..#.....
###.###...# .# ,
#..##....
#^....##..##.#
#..####..
#..........#.#
,,,,#..# ###
#.....##.###w# #...
, #.....##...@r#.###
#.., ,,
########...........,
** * * #...†.......,
, * #.#......... ,,,
#.#........., ,
#.#.........
#.#......... , *
#.#......... , *
#........ ,


You could see a dart slug and a rat.

Vanquished Creatures
  A bat (D:1)
  A kobold (D:1)
  2 rats (D:1)
4 creatures vanquished.

Notes
Turn   | Place    | Note
-------+----------+-------------------------------------------
     0 | D:1      | buhh the Meteoran Fighter began the quest for the Orb.
     0 | D:1      | Reached XP level 1. HP: 19/19 MP: 2/2
   125 | D:1      | Killed from afar by a dart slug

Illustrated notes

Levels and vault maps discovered:
D:1:      dpeg_arrival_refuge, layout_basic, st_stairs_6
D:2:      layout_basic, basic_altar, serial_corexii_hall,
          corexii_hall_statues_l, corexii_hall_statues_i,
          chequers_hall_statues_y, corexii_hall_statues_l, grunt_ministairs_13

Action                   || total
-------------------------++-------
Melee: War axe           ||    21
Armor: Scale mail        ||    12
Dodge: Dodged            ||     9
Block: Buckler           ||     5

Table legend: (Time is in decaauts)
 A = Elapsed time spent in this place.
 B = Non-inter-level travel time spent in this place.
 C = Inter-level travel time spent in this place.
 D = Time resting spent in this place.
 E = Time spent auto-exploring this place.
 F = Levels seen in this place.
 G = Mean time per level.
                   A        B        C        D        E       F      G
               +--------+--------+--------+--------+--------+-----+--------+
         Total |    133 |    128 |      5 |      0 |     54 |   2 |   66.5 |
       Dungeon |    133 |    128 |      5 |      0 |     54 |   2 |   66.5 |
               +--------+--------+--------+--------+--------+-----+--------+

Top non-repeatable levels by time:
     D:1: 131 daAuts
     D:2: 1 daAuts
